Map: 디스코 블러드배스 - 래더

Players

TSGSolar (Solar)

  • Race: Zerg Zerg
  • League: Diamond
  • Spawn Location: 3:00

llllllllllll (Trap) - Winner!

  • Race: Protoss Protoss
  • League: Master
  • Spawn Location: 9:00

Event: HomeStory Cup XX

VOD

Have the link to the VOD?

Description

Time

  • Played on: Nov. 21, 2019, 8:52 a.m.
  • Length: 5:51

All games in this series

Show
View Real Time Build Order
Export as new Build Order

TSGSolar Zerg 

Build Orders: Hatch First, Ravager All-In 

Get SALT Encoding   

  12  0:01  Drone  
  13  0:12  Overlord  
  13  0:17  Drone  
  14  0:30  Drone x2  
  16  0:48  Hatchery  
  15  0:51  Drone  
  15  0:55  Drone  
  17  0:58  Drone  
  18  1:09  Extractor  
  17  1:14  Spawning Pool  
  17  1:16  Drone  
  17  1:20  Drone  
  18  1:27  Drone  
  19  1:40  Drone  
  21  1:54  Overlord  
  21  1:55  Hatchery  
  20  2:01  Queen  
  20  2:04  Zergling x2, Spine Crawler  
  22  2:14  Drone  
  22  2:15  Extractor, Roach Warren  
  21  2:25  Overlord  
  21  2:37  Queen  
  23  2:55  Roach x3  
  29  3:11  Roach x2  
  33  3:17  Overlord  
  33  3:22  Ravager x3  
  33  3:26  Queen  
  38  3:32  Roach  
  40  3:41  Ravager, Overlord  
  39  3:49  Roach  
  41  3:58  Roach  
  42  4:08  Roach x2  
  46  4:11  Ravager  
  47  4:28  Queen  
  47  4:31  Ravager  
  47  4:32  Roach  
  49  4:40  Roach  
  49  4:44  Roach  
  45  4:55  Roach  
  47  5:05  Ravager  
  48  5:08  Zergling x6  
  48  5:12  Roach  
  51  5:15  Ravager  
  52  5:26  Roach x2  
Show
View Real Time Build Order
Export as new Build Order

llllllllllll Protoss - Winner!

Build Orders:  

Get SALT Encoding   

  12  0:00  Probe  
  13  0:12  Probe  
  14  0:19  Pylon  
  14  0:24  Probe  
  15  0:33  Probe  
  15  0:41  Probe  
  16  0:43  Gateway  
  17  0:51  Probe  
  17  0:56  Forge  
  18  1:01  Assimilator  
  18  1:03  Probe  
  19  1:15  Probe  
  20  1:27  Probe  
  20  1:31  Cybernetics Core  
  21  1:37  Pylon  
  21  1:39  Pylon  
  21  1:40  Pylon  
  21  1:55  Photon Cannon  
  21  2:00  Photon Cannon  
  21  2:09  Shield Battery  
  21  2:15  Robotics Facility  
  21  2:18  Pylon  
  21  2:26  Photon Cannon  
  21  2:40  Shield Battery  
  21  2:51  Immortal  
  25  3:10  Shield Battery x2  
  25  3:18  Warp Prism  
  25  3:29  Pylon  
  25  3:46  Immortal  
  29  4:17  Immortal  
  29  4:30  Shield Battery  
  32  4:31  Shield Battery  
  32  4:34  Shield Battery  
  30  4:45  Shield Battery  
  30  4:47  Shield Battery  
  30  4:56  Immortal  
  33  5:08  Shield Battery  
Tags
 
Add a new tag
Caveats
  • Supply blocks, unpowered buildings, or Contaminate may cause inaccurate times.
  • Supply counts are checked every 10 seconds.